 Dungeon Crawl Stone Soup version 0.23.2-40-g277498a001 (webtiles) character file.

Game seed: 12568559150725804949

1940 OrcJesus the Shield-Bearer (level 8, -4/62 HPs)
             Began as a Demonspawn Fighter on Aug 28, 2019.
             Was a Believer of Okawaru.
             Slain by a six-headed hydra (10 damage)
             ... on level 6 of the Dungeon.
             The game lasted 00:15:34 (5893 turns).

OrcJesus the Shield-Bearer (Demonspawn Fighter)     Turns: 5893, Time: 00:15:35

Health: -4/62      AC:  9    Str: 16    XL:     8   Next: 98%
Magic:  0/20       EV: 11    Int: 12    God:    Okawaru [**....]
Gold:   393        SH: 10    Dex: 13    Spells: 7/7 levels left

rFire    . . .     SeeInvis .   r - +4 dagger (drain)
rCold    . . .     Gourm    .   c - +0 shield
rNeg     . . .     Faith    .   n - +0 chain mail
rPois    .         Spirit   +   (helmet restricted)
rElec    .         Reflect  .   (no cloak)
rCorr    .         Harm     .   (no gloves)
MR       .....                  (no boots)
Stlth    ..........             (no amulet)
HPRegen  0.20/turn              x - ring of magical power
MPRegen  0.17/turn              k - +5 ring of evasion

@: invisible
A: claws 1, hooves 1, horns 2, magic shield
a: Heroism, Renounce Religion


You were on level 6 of the Dungeon.
You worshipped Okawaru.
Okawaru was pleased with you.
You were not hungry.

You visited 2 branches of the dungeon, and saw 7 of its levels.

You collected 393 gold pieces.

Inventory:

Hand Weapons
 a - a +0 war axe
 r - a +4 dagger of draining (weapon)
 C - a +3 rapier of flaming
Armour
 c - a +0 shield (worn)
 n - a +0 chain mail (worn)
 v - a +0 ring mail of cold resistance
Jewellery
 j - an uncursed ring of see invisible
 k - a +5 ring of evasion (right claw)
 x - a ring of magical power (left claw)
 D - an uncursed ring of protection from fire
Wands
 F - a wand of digging (8)
Scrolls
 b - a scroll of noise {unknown}
 e - a scroll of enchant armour {unknown}
 g - 9 scrolls of remove curse
 h - 3 scrolls of fear {unknown}
 l - 11 scrolls of identify {unknown}
 m - 2 scrolls of magic mapping {unknown}
 s - a scroll of blinking {unknown}
 w - a scroll of fog {unknown}
 y - 2 scrolls of teleportation {unknown}
 A - a scroll of amnesia {unknown}
 E - a scroll of random uselessness {unknown}
 H - a scroll of enchant weapon {unknown}
Potions
 d - 5 potions of might
 i - 2 potions of curing {unknown}
 o - a potion of invisibility
 p - a potion of haste {unknown}
 q - a potion of lignification {unknown}
 t - a potion of flight {unknown}
 u - a potion of magic {unknown}
 z - a potion of agility {unknown}
 B - a potion of heal wounds {unknown}
Comestibles
 f - 21 rations
 G - 2 chunks of flesh


   Skills:
 + Level 5.1 Fighting
 - Level 1.9 Short Blades
 - Level 3.1 Axes
 + Level 4.6 Armour
 - Level 2.0 Dodging
 * Level 6.5 Shields
 * Level 4.0 Unarmed Combat
 - Level 5.0 Invocations


You had 7 spell levels left.
You didn't know any spells.
Your spell library contained the following spells:

 Spells                   Type           Power        Failure   Level  Hunger
 Magic Dart               Conj           #...         100%        1    ##.....
 Searing Ray              Conj           #.....       100%        2    ###....
 Dazzling Spray           Conj/Hex       #.....       100%        3    ####...
 Animate Dead             Necr           N/A          100%        4    #####..
 Force Lance              Conj/Tloc      #.......     100%        4    #####..
 Fulminant Prism          Conj/Hex       #.........   100%        4    #####..
 Iskenderun's Mystic Bla  Conj           #.......     100%        4    #####..
 Bolt of Draining         Conj/Necr      #.........   100%        5    ######.
 Excruciating Wounds      Chrm/Necr      #.........   100%        5    ######.
 Freezing Cloud           Conj/Ice/Air   #.........   100%        6    #######


Dungeon Overview and Level Annotations

Branches:
Dungeon (6/15)             Temple (1/1) D:4

Altars:
Ashenzari
Cheibriados
Dithmenos
Elyvilon
Fedhas
Gozag
Hepliaklqana
Kikubaaqudgha
Makhleb
Nemelex Xobeh
Okawaru
Qazlal
Ru
Sif Muna
Uskayaw
Vehumet
Wu Jian
Xom
Yredelemnul
Zin
The Shining One


Innate Abilities, Weirdness & Mutations

You have sharp fingernails.
You have large cloven feet.
You have a pair of horns on your head.
When hurt, damage is shared between your health and your magic reserves.


Message History

The six-headed hydra is moderately wounded.
You hit the six-headed hydra.
You kick the six-headed hydra, but do no damage.
You headbutt the six-headed hydra, but do no damage.
The six-headed hydra is moderately wounded.
You block the six-headed hydra's attack.
The six-headed hydra bites you!
* * * LOW HITPOINT WARNING * * *
You block the six-headed hydra's attack.
The six-headed hydra bites you.
* * * LOW HITPOINT WARNING * * *
The six-headed hydra barely misses you.
The six-headed hydra bites you but does no damage.
You fade into invisibility!
You feel like a meek peon again. The six-headed hydra bites you!
* * * LOW HITPOINT WARNING * * *
The six-headed hydra closely misses you.
You block the six-headed hydra's attack. x2
The six-headed hydra barely misses you. The six-headed hydra bites you!
You die...

#..#...##.#§§§§§
#.......###§§§§§
#....#....#§§§§§
########....###### ##..
###......._#
#..###..##...######
#.8#.#8.##..##§§§§§
##D##(##+##..##§§§§§
#..@'[#..8#..##§§§§§
#8..#.#...'...#§§§§§
##'##.##'##...######
#.8#.#8.#.....#
#..###..#[..### ##
###..'..##.#### ##.
#.#######.....####..
#####........##........
###.####.....#######.....


You could see a six-headed hydra.

Vanquished Creatures
  A yak (D:6)
  Edmund (D:6)
  2 water moccasins
  Duvessa (D:5)
  A phantom (D:6)
  3 ogres
  A centaur (D:6)
  A bullfrog (D:6)
  Dowan (D:5)
  2 scorpions (D:5)
  2 howler monkeys
  A crimson imp (D:5)
  2 hounds (D:6)
  A jelly (D:6)
  2 orc priests (D:3)
  4 iguanas
  Terence (D:2)
  2 worker ants
  A hound zombie (D:6)
  2 hound skeletons (D:6)
  Robin (D:4)
  10 adders
  An adder zombie (D:6)
  8 worms
  A dart slug (D:4)
  A leopard gecko (D:5)
  18 orcs
  3 ball pythons
  8 giant cockroaches
  15 goblins
  9 hobgoblins
  11 jackals
  7 kobolds
  8 bats
  5 frilled lizards
  6 rats
144 creatures vanquished.

Vanquished Creatures (others)
  A plant (D:3)
1 creature vanquished.

Grand Total: 145 creatures vanquished

Notes
Turn   | Place    | Note
-------+----------+-------------------------------------------
     0 | D:1      | OrcJesus the Demonspawn Fighter began the quest for the
                  | Orb.
     0 | D:1      | Reached XP level 1. HP: 18/18 MP: 1/1
    92 | D:1      | Reached skill level 3 in Shields
   299 | D:1      | Gained mutation: You have a pair of small horns on your
                  | head. [demonic ancestry]
   299 | D:1      | Reached XP level 2. HP: 24/24 MP: 2/2
   360 | D:1      | Gained mutation: When hurt, damage is shared between your
                  | health and your magic reserves. [demonic ancestry]
   360 | D:1      | Reached XP level 3. HP: 17/29 MP: 3/3
  1199 | D:2      | Found a radiant altar of Vehumet.
  1260 | D:2      | Gained mutation: You have a pair of horns on your head.
                  | [demonic ancestry]
  1260 | D:2      | Reached XP level 4. HP: 35/35 MP: 4/4
  1454 | D:2      | Noticed Terence
  1461 | D:2      | Killed Terence
  1501 | D:2      | Reached skill level 4 in Shields
  1783 | D:3      | Gained mutation: You have sharp fingernails. [demonic
                  | ancestry]
  1783 | D:3      | Reached XP level 5. HP: 25/41 MP: 3/5
  2337 | D:3      | Found a sparkling altar of Nemelex Xobeh.
  2583 | D:3      | Found a shattered altar of Ashenzari.
  2583 | D:3      | Found an opulent altar of Gozag.
  2881 | D:4      | Noticed Robin
  2894 | D:4      | Reached skill level 1 in Dodging
  2908 | D:4      | Reached XP level 6. HP: 39/47 MP: 4/6
  2914 | D:4      | Killed Robin
  2939 | D:4      | Found a snail-covered altar of Cheibriados.
  3073 | D:4      | Found a staircase to the Ecumenical Temple.
  3086 | Temple   | Entered the Ecumenical Temple
  3115 | Temple   | Became a worshipper of Warmaster Okawaru
  3296 | D:4      | You fall through a shaft for 2 floors!
  3317 | D:6      | Found a glowing silver altar of Zin.
  3341 | D:6      | Reached skill level 1 in Short Blades
  3365 | D:6      | Reached skill level 1 in Invocations
  3690 | D:6      | Gained mutation: You have large cloven feet. [demonic
                  | ancestry]
  3690 | D:6      | Reached XP level 7. HP: 53/53 MP: 8/8
  3742 | D:6      | Reached * piety under Okawaru
  3768 | D:5      | Entered Level 5 of the Dungeon
  3827 | D:5      | Reached skill level 5 in Shields
  3827 | D:5      | Reached skill level 1 in Unarmed Combat
  3930 | D:4      | Identified Ykkuoc's Reference Book on the Frostbite and
                  | Dark Rites
  4943 | D:5      | Reached XP level 8. HP: 61/61 MP: 11/11
  4967 | D:5      | Found a white marble altar of Elyvilon.
  5004 | D:5      | Noticed Duvessa
  5004 | D:5      | Noticed Dowan
  5018 | D:5      | Killed Duvessa
  5021 | D:5      | Killed Dowan
  5033 | D:5      | Reached ** piety under Okawaru
  5033 | D:5      | Reached skill level 5 in Invocations
  5425 | D:6      | Found an ancient bone altar of Kikubaaqudgha.
  5649 | D:6      | Noticed Edmund
  5671 | D:6      | Killed Edmund
  5671 | D:6      | Reached skill level 6 in Shields
  5781 | D:6      | Found a stormy altar of Qazlal.
  5837 | D:6      | Reached skill level 5 in Fighting
  5838 | D:6      | Noticed a six-headed hydra
  5893 | D:6      | Slain by a six-headed hydra

Skill      XL: |  1  2  3  4  5  6  7  8 |
---------------+-------------------------+-----
Shields        | 3 4 5 6 |  6.5
Axes           | 2 3 |  3.1
Armour         | 3 4 |  4.6
Dodging        | 1 2 |  2.0
Short Blades   | 1 |  1.9
Invocations    | 2 4 5 |  5.0
Fighting       | 4 5 |  5.1
Unarmed Combat | 2 4 |  4.0

Action                   |  1- 3 |  4- 6 |  7- 9 || total
-------------------------+-------+-------+-------++-------
Melee: War axe           |   108 |    87 |       ||   195
       Headbutt          |    11 |    34 |    37 ||    82
       Short sword       |     2 |       |       ||     2
       Dagger            |       |   120 |   204 ||   324
       Kick              |       |       |    64 ||    64
Invok: Heroism           |       |       |     1 ||     1
  Use: Scroll            |     1 |       |       ||     1
       Potion            |       |       |     1 ||     1
  Eat: Chunk             |     1 |     8 |     8 ||    17
Armor: Scale mail        |    81 |     3 |       ||    84
       Chain mail        |       |    66 |    49 ||   115
Dodge: Dodged            |    34 |    74 |    75 ||   183
Block: Shield            |    87 |    86 |    93 ||   266
